 Dungeon Crawl Stone Soup version 0.23.2-1-ga50397a (webtiles) character file.

Game seed: 16392027284137100467

5599 doot the Thaumaturge (level 10, -1/54 HPs)
             Began as a Deep Elf Wizard on May 19, 2019.
             Was a Priest of Vehumet.
             Slain by a meliai zombie (3 damage)
             ... on level 11 of the Dungeon.
             The game lasted 00:36:48 (12476 turns).

doot the Thaumaturge (Deep Elf Wizard)             Turns: 12476, Time: 00:36:49

Health: -1/54      AC:  6    Str:  4    XL:     10   Next: 45%
Magic:  23/28      EV: 14    Int: 32    God:    Vehumet [***...]
Gold:   570        SH:  0    Dex: 13    Spells: 19/34 levels left

rFire    . . .     SeeInvis .   b - +4 quarterstaff (chaos)
rCold    . . .     Gourm    +   (shield currently unavailable)
rNeg     + . .     Faith    .   B - +0 robe
rPois    +         Spirit   .   o - +0 hat
rElec    .         Reflect  .   p - +2 cloak {rPois}
rCorr    .         Harm     .   C - +0 pair of gloves
MR       +....                  (no boots)
Stlth    ++++......             l - amulet of the gourmand
HPRegen  0.18/turn              G - ring of positive energy
MPRegen  0.21/turn              K - ring of stealth

@: brilliant, studying Fire Magic
A: no striking features
a: Renounce Religion


You were on level 11 of the Dungeon.
You worshipped Vehumet.
Vehumet was most pleased with you.
You were very full.

You visited 2 branches of the dungeon, and saw 11 of its levels.

You collected 570 gold pieces.

Inventory:

Hand Weapons
 b - a +4 quarterstaff of chaos (weapon)
 m - a +0 rapier
 n - a +0 quarterstaff of crushing
Armour
 i - a scarf of resistance
 o - a +0 hat (worn)
 p - a +2 cloak of poison resistance (worn)
 B - a +0 robe (worn)
 C - a +0 pair of gloves (worn)
Magical Staves
 a - an uncursed staff of cold
Jewellery
 l - an amulet of the gourmand (around neck)
 r - an uncursed amulet of harm
 G - a ring of positive energy (left hand)
 K - a ring of stealth (right hand)
Wands
 F - a wand of enslavement (8)
 J - a wand of flame (10)
Scrolls
 f - 4 scrolls of teleportation
 q - 3 scrolls of remove curse
 u - 2 scrolls of magic mapping {unknown}
 v - 2 scrolls of blinking {unknown}
 x - a scroll of fog
 y - a scroll of enchant weapon {unknown}
 z - 2 scrolls of fear
 A - a scroll of amnesia {unknown}
 H - a scroll of random uselessness {unknown}
 I - a scroll of immolation {unknown}
 M - a scroll of enchant armour {unknown}
 O - 2 scrolls of identify
Potions
 c - 2 potions of might {unknown}
 e - 3 potions of resistance
 g - 3 potions of flight
 h - a potion of berserk rage {unknown}
 j - 3 potions of lignification
 k - 2 potions of brilliance
 s - 3 potions of curing {unknown}
 t - a potion of invisibility {unknown}
 w - 3 potions of heal wounds {unknown}
 D - a potion of ambrosia {unknown}
 N - a potion of degeneration {unknown}
Books
 E - a manual of Fire Magic
Comestibles
 d - 27 rations


   Skills:
 + Level 2.7 Fighting
 + Level 4.6 Staves
 + Level 5.0 Dodging
 + Level 4.4 Stealth
 + Level 12.9 Spellcasting
 + Level 7.3 Conjurations
 + Level 5.1 Summonings
 + Level 3.1 Translocations
 + Level 2.2 Fire Magic
 + Level 1.9 Ice Magic
 + Level 1.5 Air Magic
 + Level 2.7 Poison Magic


You had 19 spell levels left.
You knew the following spells:

 Your Spells              Type           Power        Failure   Level  Hunger
a - Magic Dart            Conj           ####         1%          1    None
b - Blink                 Tloc           N/A          1%          2    None
c - Call Imp              Summ           ######..     1%          2    None
d - Slow                  Hex            #####...     1%          2    None
e - Conjure Flame         Conj/Fire      ######..     1%          3    None
f - Mephitic Cloud        Conj/Pois/Air  ######..     1%          3    None
g - Throw Frost           Conj/Ice       ######       1%          2    None

Your spell library contained the following spells:

 Spells                   Type           Power        Failure   Level  Hunger
 Static Discharge         Conj/Air       ######..     1%          3    None


Dungeon Overview and Level Annotations

Branches:
Dungeon (9/15)             Temple (1/1) D:4
   Lair: D:8-11         Orc: D:9-12

Altars:
Ashenzari
Cheibriados
Dithmenos
Elyvilon
Fedhas
Gozag
Hepliaklqana
Kikubaaqudgha
Makhleb
Nemelex Xobeh
Okawaru
Qazlal
Ru
Sif Muna
Trog
Uskayaw
Vehumet
Wu Jian
Xom
Yredelemnul
Zin
The Shining One

Shops:
D:5 (   D:8 }

Annotations:
D:9 exclusion: ice statue


Message History

The meliai zombie closely misses you. The meliai zombie hits you!
* * * LOW HITPOINT WARNING * * *
Casting: Throw Frost (safe; 1% risk of failure)
Confirm with . or Enter, or press ? or * to list all spells.
Okay, then.
Casting: Throw Frost (safe; 1% risk of failure)
Confirm with . or Enter, or press ? or * to list all spells.
You blink.
The meliai zombie misses you. The meliai zombie closely misses you.
Unknown command.
Casting: Blink (safe; 1% risk of failure)
Confirm with . or Enter, or press ? or * to list all spells.
You blink.
Casting: Blink (safe; 1% risk of failure)
Confirm with . or Enter, or press ? or * to list all spells.
You blink.
The meliai zombie barely misses you. The meliai zombie hits you.
* * * LOW HITPOINT WARNING * * *
It was a potion of brilliance.
You feel clever all of a sudden. The meliai zombie hits you.
You die...

###########
########
#).....>..#
#......
#.#######.# #.....
#.# #.###..## #.#
##.#@Z...# #.#
#....###.# #.#
#....# # #.#
#....# #.#
####.:...# #.#
###..##
##.###########...S
#............#
###..
##.#########.#


C You could see a meliai zombie.

Vanquished Creatures
  A two-headed ogre (D:8)
  A slime creature (D:6)
  A meliai zombie (D:11)
  A spriggan (D:7)
  A yak (D:8)
  A steam dragon (D:9)
  Menkaure (D:5)
  Edmund (D:5)
  The ghost of slayr the Caller, an amateur VSSu of Cheibriados (D:4)
  2 orc warriors
  An ice beast (D:9)
  A necrophage (D:9)
  3 phantoms
  A black bear (D:9)
  5 ogres
  2 centaurs
  2 big kobolds
  3 bullfrogs
  A water moccasin skeleton (D:8)
  3 wights (D:7)
  4 howler monkeys
  4 crimson imps
  6 jellies
  6 hounds
  An orc priest (D:8)
  7 orc wizards
  A bullfrog skeleton (D:5)
  2 centaur skeletons
  5 worker ants
  14 gnolls
  A howler monkey skeleton (D:6)
  9 adders
  2 shadow imps
  6 oozes (D:6)
  An adder skeleton (D:8)
  5 worms
  3 dart slugs
  8 leopard geckos
  16 orcs
  A ball python (D:2)
  8 bats
  8 giant cockroaches
  7 goblins
  5 hobgoblins
  7 jackals
  27 kobolds
  2 quokkas
  A frilled lizard (D:1)
  2 leopard gecko skeletons
  2 quokka skeletons
  7 rats
211 creatures vanquished.

Vanquished Creatures (collateral kills)
  A wyvern (D:8)
  A hungry ghost (D:6)
  An ice beast (D:5)
  An ogre (D:5)
  A centaur (D:8)
  Blork the orc (D:5)
  A howler monkey (D:5)
  An orc priest (D:7)
  Crazy Yiuf (D:2)
  3 gnolls (D:2)
  An orc (D:5)
13 creatures vanquished.

Vanquished Creatures (others)
  A sky beast (D:9)
  An orc warrior (D:9)
  An ogre (D:9)
  A big kobold (D:9)
  A hound (D:9)
  A jackal (D:9)
  4 fungi (D:6)
  2 plants (D:4)
  3 toadstools (D:6)
15 creatures vanquished.

Grand Total: 239 creatures vanquished

Notes
Turn   | Place    | Note
-------+----------+-------------------------------------------
     0 | D:1      | doot the Deep Elf Wizard began the quest for the Orb.
     0 | D:1      | Reached XP level 1. HP: 10/10 MP: 7/7
   227 | D:1      | Reached XP level 2. HP: 15/15 MP: 2/9
   636 | D:1      | Reached skill level 5 in Spellcasting
   703 | D:1      | Learned a level 2 spell: Blink
   706 | D:1      | Learned a level 2 spell: Call Imp
   709 | D:1      | Learned a level 2 spell: Slow
  1171 | D:2      | Found a runed translucent door.
  1172 | D:2      | Noticed Crazy Yiuf
  1286 | D:2      | Reached XP level 3. HP: 19/19 MP: 7/11
  1291 | D:2      | Learned a level 3 spell: Conjure Flame
  1627 | D:2      | Learned a level 3 spell: Mephitic Cloud
  1799 | D:2      | Killed Crazy Yiuf
  1799 | D:2      | Reached skill level 6 in Spellcasting
  1799 | D:2      | Reached XP level 4. HP: 24/24 MP: 0/14
  2489 | D:4      | Noticed a phantom
  2533 | D:3      | Killed a phantom
  2533 | D:3      | Reached skill level 1 in Staves
  2533 | D:3      | Reached XP level 5. HP: 28/28 MP: 3/16
  2687 | D:4      | Found a transporter.
  2687 | D:4      | Found a transporter.
  2746 | D:4      | Found an opulent altar of Gozag.
  2793 | D:4      | Found a staircase to the Ecumenical Temple.
  2857 | Temple   | Entered the Ecumenical Temple
  3142 | D:4      | Reached skill level 7 in Spellcasting
  3225 | D:4      | Reached XP level 6. HP: 22/33 MP: 13/18
  3499 | D:4      | Found a radiant altar of Vehumet.
  3505 | D:4      | Became a worshipper of Vehumet
  3716 | D:3      | Found a bloodstained altar of Trog.
  3933 | D:2      | You fall through a shaft for 2 floors!
  4682 | D:4      | Noticed slayr's ghost (amateur VSSu)
  4738 | D:5      | Entered Level 5 of the Dungeon
  4795 | D:5      | Noticed Menkaure
  4799 | D:5      | Noticed Edmund
  4811 | D:5      | Found Jazetau's Antique Weapon Shop.
  4826 | D:6      | Reached * piety under Vehumet
  4826 | D:6      | Offered knowledge of Shock by Vehumet.
  5140 | D:6      | Reached skill level 8 in Spellcasting
  5140 | D:6      | Reached XP level 7. HP: 37/37 MP: 14/20
  5428 | D:5      | Killed Edmund
  5428 | D:5      | Reached skill level 1 in Fighting
  5541 | D:5      | Reached skill level 9 in Spellcasting
  5683 | D:5      | Noticed Blork the orc
  5858 | D:5      | Killed Blork the orc
  5867 | D:4      | Reached XP level 8. HP: 41/43 MP: 7/23
  6156 | D:5      | Killed Menkaure
  6559 | D:6      | Found a snail-covered altar of Cheibriados.
  6574 | D:6      | Reached skill level 10 in Spellcasting
  7333 | D:6      | Reached skill level 1 in Air Magic
  7416 | D:6      | Offered knowledge of Throw Frost by Vehumet.
  7427 | D:6      | Reached ** piety under Vehumet
  7463 | D:6      | Noticed a slime creature
  7464 | D:6      | Noticed a slime creature
  7479 | D:6      | Killed a large slime creature
  7479 | D:6      | Reached skill level 5 in Conjurations
  7479 | D:6      | Reached skill level 1 in Fire Magic
  7479 | D:6      | Reached XP level 9. HP: 22/48 MP: 9/25
  7933 | D:4      | Reached skill level 1 in Poison Magic
  8201 | D:4      | Killed slayr's ghost
  8257 | D:4      | Learned a level 2 spell: Throw Frost
  8505 | D:6      | Reached skill level 11 in Spellcasting
  8829 | D:7      | Offered knowledge of Throw Flame by Vehumet.
  9151 | D:7      | Reached skill level 1 in Ice Magic
  9460 | D:7      | Found a glowing golden altar of the Shining One.
  9460 | D:7      | Found a white marble altar of Elyvilon.
  9460 | D:7      | Found a burning altar of Makhleb.
  9460 | D:7      | Found a blossoming altar of Fedhas.
 10131 | D:8      | Reached *** piety under Vehumet
 10332 | D:8      | HP: 1/48 [wyvern (12)]
 10367 | D:8      | Found Nirit's Gadget Boutique.
 10785 | D:7      | Reached skill level 12 in Spellcasting
 11098 | D:8      | Offered knowledge of Static Discharge by Vehumet.
 11159 | D:8      | Reached skill level 5 in Summonings
 11168 | D:8      | Noticed a two-headed ogre
 11191 | D:8      | Killed a two-headed ogre
 11191 | D:8      | Reached XP level 10. HP: 43/54 MP: 15/28
 11320 | D:8      | Found a sparkling altar of Nemelex Xobeh.
 11355 | D:8      | Found a hide-covered altar of Uskayaw.
 11357 | D:8      | Found a stormy altar of Qazlal.
 11484 | D:8      | Found a hazy altar of Hepliaklqana.
 11841 | D:9      | Noticed an ice statue
 11930 | D:9      | Reached skill level 5 in Dodging
 12388 | D:9      | Found a shimmering altar of Xom.
 12391 | D:9      | You fall through a shaft for 2 floors!
 12458 | D:11     | Noticed a cyclops
 12475 | D:11     | HP: 2/54 [meliai zombie (3)]
 12476 | D:11     | Slain by a meliai zombie

Skill      XL: |  1  2  3  4  5  6  7  8  9 10 |
---------------+-------------------------------+-----
Spellcasting   | 5 6 7 8 9 10 12 | 12.9
Conjurations   | 2 3 4 5 6 7 |  7.3
Staves         | 1 2 3 4 |  4.6
Dodging        | 3 4 5 |  5.0
Stealth        | 3 4 |  4.4
Summonings     | 2 3 4 5 |  5.1
Fighting       | 1 2 |  2.7
Translocations | 2 3 |  3.1
Air Magic      | 1 |  1.5
Fire Magic     | 1 2 |  2.2
Poison Magic   | 2 |  2.7
Ice Magic      | 1 |  1.9

Action                   |  1- 3 |  4- 6 |  7- 9 | 10-12 || total
-------------------------+-------+-------+-------+-------++-------
Melee: Quarterstaff      |       |    53 |   141 |    28 ||   222
       Staff             |       |       |    17 |       ||    17
 Cast: Magic Dart        |    86 |   130 |   310 |    79 ||   605
       Call Imp          |     5 |    11 |    32 |     1 ||    49
       Conjure Flame     |     2 |     1 |    32 |     7 ||    42
       Blink             |     1 |     6 |    12 |     4 ||    23
       Mephitic Cloud    |     1 |     2 |    17 |     5 ||    25
       Throw Frost       |       |       |     9 |     3 ||    12
  Use: Scroll            |       |     3 |     5 |       ||     8
       Potion            |       |       |     2 |     1 ||     3
 Stab: Sleeping          |       |     2 |     2 |     1 ||     5
       Confused          |       |       |       |     4 ||     4
  Eat: Chunk             |     9 |    14 |    26 |     2 ||    51
Armor: Robe              |     2 |    27 |    56 |     9 ||    94
       Skin              |       |       |     1 |       ||     1
Dodge: Dodged            |    11 |    57 |   124 |    32 ||   224
